 Dungeon Crawl Stone Soup version 0.29.1-1-gd02db6906a (webtiles) character file.

Game seed: 309735769797685142

39 ImASeal the Shooter (level 3, -3/30 HPs)
             Began as a Minotaur Hunter on Oct 18, 2022.
             Slain by an ogre
             ... wielding a +0 giant spiked club
              (33 damage)
             ... on level 3 of the Dungeon.
             The game lasted 00:02:09 (1498 turns).

ImASeal the Shooter (Minotaur Hunter)               Turns: 1498, Time: 00:02:10

Health: -3/30      AC:  4    Str: 15    XL:     3   Next: 26%
Magic:  2/2        EV: 12    Int:  6    God:
Gold:   90         SH:  0    Dex: 15    Spells: 2/2 levels left

rFire   . . .      SeeInvis .   a - +0 shortbow
rCold   . . .      Faith    .   (shield currently unavailable)
rNeg    . . .      Spirit   .   c - +0 leather armour
rPois   .          Reflect  .   (helmet restricted)
rElec   .          Harm     .   (no cloak)
rCorr   .          Rampage  .   f - +0 pair of gloves
Will    .....                   (no boots)
Stlth   +.........              (no amulet)
HPRegen 0.10/turn               (no ring)
MPRegen 0.08/turn               (no ring)

@: no status effects
A: horns 2, retaliatory headbutt
a: no special abilities


You were on level 3 of the Dungeon.
You visited 1 branch of the dungeon, and saw 3 of its levels.

You collected 90 gold pieces.

Inventory:

Hand Weapons
 a - a +0 shortbow (weapon)
 p - the +5 mace of the Tiger {drain, *Noise Str+5 Int+5}
   (You found it on level 3 of the Dungeon)

   A truly terrible weapon, it drains the life of any living foe it strikes.
   Str:       It affects your strength (+5).
   Int:       It affects your intelligence (+5).
   *Noise:    It may make noises in combat.
Missiles
 d - 29 stones
 m - 2 atropa-tipped darts
Armour
 c - a +0 leather armour (worn)
 f - a +0 pair of gloves (worn)
Scrolls
 b - a scroll of immolation
 g - a scroll of acquirement {unknown}
 h - a scroll of enchant weapon {unknown}
 j - a scroll of vulnerability {unknown}
 k - 3 scrolls of identify {unknown}
 l - 3 scrolls of teleportation {unknown}
Potions
 e - a potion of attraction {unknown}
 i - 2 potions of curing {unknown}
 n - a potion of mutation {unknown}
 o - a potion of heal wounds {unknown}


   Skills:
 - Level 2.4 Fighting
 + Level 5.7 Ranged Weapons
 - Level 2.1 Dodging
 - Level 0.7 Stealth


You had 2 spell levels left.
You didn't know any spells.
Your spell library was empty.

Dungeon Overview and Level Annotations

Branches:
Dungeon (3/15)

Altars:


Innate Abilities, Weirdness & Mutations

You have a pair of horns on your head.
You reflexively headbutt those who attack you in melee.


Message History

You shoot an arrow.
The arrow closely misses the frilled lizard.
You shoot an arrow. The arrow hits the frilled lizard.
The frilled lizard is heavily wounded.
A frilled lizard is nearby!
You shoot an arrow. The arrow hits the frilled lizard!
You kill the frilled lizard!
No target in view!
No target in view!
l - 3 scrolls labelled WEEWKUHU UBLIL (gained 1)
You now have 82 gold pieces (gained 11).
You now have 85 gold pieces (gained 3).
o - a puce potion No target in view!
No target in view!
You see here the +5 mace of the Tiger {drain, *Noise Str+5 Int+5}.
Found a trident.
You see here the +5 mace of the Tiger {drain, *Noise Str+5 Int+5}.
p - the +5 mace of the Tiger {drain, *Noise Str+5 Int+5} Unknown command.
An orc comes into view. It is wielding a +0 trident.
You see here 5 gold pieces.
You shoot an arrow. The arrow hits the orc.
You kill the orc!
No target in view!
No target in view!
You now have 90 gold pieces (gained 5).
You open the door.
There is an open door here.
You open the door.
There is an open door here.
An ogre comes into view. It is wielding a +0 giant spiked club.
The ogre shouts!
You shoot an arrow. The arrow hits the ogre!
The ogre is moderately wounded.
You shoot an arrow. The arrow hits the ogre.
The ogre is heavily wounded.
The ogre hits you with a +0 giant spiked club!!
Ouch! That really hurt!
You die...

.......#..# ...[...##.#
.......##.###
............#
..........#.#
..........#.## .
.......####..## ...
.......# ##..#####.....
.......# ##...@O..#
.......### ######......
..####...#######..<.....
..# #...##........ ....
..# #...##......... ###
..# #...##......... .##
#...##.........
.#####...##.........
.....'...''........#


You could see an ogre.

Vanquished Creatures
  A worm (D:2)
  A dart slug (D:1)
  An orc (D:3)
  2 ball pythons (D:2)
  4 bats
  4 endoplasms
  2 giant cockroaches (D:1)
  3 goblins
  3 hobgoblins (D:1)
  5 kobolds
  2 frilled lizards
  A rat (D:1)
29 creatures vanquished.

Notes
Turn   | Place    | Note
-------+----------+-------------------------------------------
     0 | D:1      | ImASeal the Minotaur Hunter began the quest for the Orb.
     0 | D:1      | Reached XP level 1. HP: 18/18 MP: 0/0
   211 | D:1      | Reached XP level 2. HP: 25/25 MP: 1/1
   366 | D:1      | Reached skill level 5 in Ranged Weapons
   499 | D:1      | Found a faded altar of an unknown god.
   804 | D:2      | Reached XP level 3. HP: 30/30 MP: 2/2
  1426 | D:3      | Identified the +5 mace of the Tiger {drain, *Noise Str+5
                  | Int+5}
  1496 | D:3      | Noticed an ogre
  1498 | D:3      | Slain by an ogre

Illustrated notes

Levels and vault maps discovered:
D:1:      ncdulo_watergridlock, layout_loops_ring,
          hellmonk_ecumenical_altar_pennies_from_heaven
D:2:      layout_basic, kennysheep_cross_room, guppyfry_early_lair_pool
D:3:      kennysheep_six_static_rooms, layout_basic, kennysheep_nondescript,
          kennysheep_small_spiral

Skill      XL: |  1  2 |
---------------+-------+-----
Ranged Weapons | 5 |  5.7
Fighting       | |  2.4
Dodging        | |  2.1
Stealth        | |  0.7

Action                   || total
-------------------------++-------
 Fire: Shortbow          ||    72
Armor: Leather armour    ||    14
Dodge: Dodged            ||    24
